 Dungeon Crawl Stone Soup version 0.22-a0-570-g58866f5 (webtiles) character file.

7835 vierth the Protected (level 11, 0/97 HPs)
             Began as a Minotaur Fighter on June 30, 2018.
             Was a Believer of Trog.
             Slain by Snorg (9 damage)
             ... on level 10 of the Dungeon.
             The game lasted 00:20:01 (8420 turns).

vierth the Protected (Minotaur Fighter)             Turns: 8420, Time: 00:20:02

Health: 0/97       AC: 15    Str: 24    XL:     11   Next: 2%
Magic:  10/10      EV:  8    Int:  5    God:    Trog [**....]
Gold:   519        SH:  0    Dex: 10    Spells: 10/10 levels left

rFire    . . .     SeeInvis +   O - +3 battleaxe
rCold    . . .     Gourm    .   (shield currently unavailable)
rNeg     . . .     Faith    .   p - +0 chain mail
rPois    .         Spirit   .   (helmet restricted)
rElec    .         Reflect  .   (no cloak)
rCorr    .         Harm     .   L - +0 pair of gloves
MR       .....                  D - +0 pair of boots
Stlth    ..........             o - amulet of the acrobat
HPRegen  0.26/turn              g - ring of see invisible
MPRegen  0.12/turn              (no ring)

@: no status effects
A: retaliatory headbutt, horns 2
a: Berserk, Trog's Hand, Renounce Religion


You were on level 10 of the Dungeon.
You worshipped Trog.
Trog was pleased with you.
You were not hungry.

You visited 2 branches of the dungeon, and saw 11 of its levels.
You also visited: Sewer.

You collected 519 gold pieces.

Inventory:

Hand Weapons
 a - a +0 war axe
 s - a +0 flail of holy wrath
 B - a +3 war axe of electrocution
 O - a +3 battleaxe (weapon)
Armour
 c - a +0 shield
 p - a +0 chain mail (worn)
 D - a +0 pair of boots (worn)
 L - a +0 pair of gloves (worn)
Jewellery
 g - a ring of see invisible (left hand)
 o - an amulet of the acrobat (around neck)
Wands
 v - a wand of digging (11)
 x - a wand of paralysis (23)
 A - a wand of random effects (35)
 I - a wand of iceblast (5)
 N - a wand of polymorph (6)
Scrolls
 j - 6 scrolls of remove curse
 k - 6 scrolls of teleportation
 l - 6 scrolls of identify
 q - 3 scrolls of amnesia
 t - 3 scrolls of fear
 u - a scroll of blinking
 y - 3 scrolls of enchant armour {unknown}
 E - a scroll of acquirement {unknown}
 F - a scroll of vulnerability {unknown}
 G - a scroll of fog {unknown}
 H - a scroll of immolation {unknown}
 J - a scroll of silence {unknown}
 M - a scroll of magic mapping {unknown}
Potions
 b - 2 potions of degeneration {unknown}
 d - 2 potions of might
 e - 6 potions of flight
 h - 3 potions of heal wounds {unknown}
 i - 3 potions of brilliance {unknown}
 m - a potion of berserk rage {unknown}
 n - 2 potions of curing {unknown}
 r - 2 potions of ambrosia {unknown}
 w - 2 potions of lignification {unknown}
 z - a potion of mutation {unknown}
 C - a potion of haste
 K - a potion of magic {unknown}
Comestibles
 f - 16 rations


   Skills:
 + Level 9.1 Fighting
 * Level 11.8 Axes
 * Level 12.1 Armour
 + Level 9.0 Shields


You had 10 spell levels left.
You didn't know any spells.
Your spell library was empty.

Dungeon Overview and Level Annotations

Branches:
Dungeon (10/15)            Temple (1/1) D:6            Lair (0/6) D:10
    Orc (0/2) D:9

Altars:
Ashenzari
Cheibriados
Dithmenos
Elyvilon
Fedhas
Gozag
Hepliaklqana
Kikubaaqudgha
Makhleb
Nemelex Xobeh
Okawaru
Qazlal
Ru
Sif Muna
Trog
Uskayaw
Vehumet
Wu Jian
Xom
Yredelemnul
Zin
The Shining One

Annotations:
D:4 3 runed doors, inc's ghost, amateur OpFE
D:10 Snorg


Innate Abilities, Weirdness & Mutations

You reflexively headbutt those who attack you in melee.
You have a pair of horns on your head.


Message History

You are too injured to fight recklessly!
You are too injured to fight recklessly!
You are too injured to fight recklessly!
You are too injured to fight recklessly!
You are too injured to fight recklessly!
You are too injured to fight recklessly!
You are too injured to fight recklessly!
You hit Snorg.
Snorg is heavily wounded.
Snorg closely misses you. Snorg claws you! Snorg barely misses you.
The kobold shoots a bolt.
The bolt hits you but does no damage.
The kobold throws a stone.
The stone hits you. Snorg bites you!!
* * * LOW HITPOINT WARNING * * *
Snorg claws you but does no damage. x2
You slash Snorg!
Snorg is severely wounded.
Snorg bites you.
* * * LOW HITPOINT WARNING * * *
Snorg claws you!
You die...

##### #.#.##...##
#.#.#..♣..#
#####(#'#.P...# .
#.......#P..P.#+### ...
#.......##:[.##...#
._..##........##'##....#
....K......(..##.#.....#
#†@.†.(..##.......#
......T...#.....####.###
......K...#.....####.###
..........#.............
..........##............
........................
####......#####...[.....
######.# ######.### #.#


You could see Snorg (berserk) and 2 kobolds.

Vanquished Creatures
  A two-headed ogre (D:8)
  Erica (D:9)
  A tengu warrior (D:10)
  Pikel (D:9)
  Maurice (D:9)
  Joseph (D:8)
  A troll (D:9)
  A hippogriff (D:9)
  A wyvern (D:9)
  Eustachio (D:6)
  A hungry ghost (D:8)
  Grum (D:8)
  Duvessa (D:6)
  A water moccasin (D:8)
  A sky beast (D:8)
  4 orc warriors
  2 black bears
  A slave (D:9)
  4 ogres
  A necrophage (D:10)
  3 wolves (D:8)
  2 centaurs
  A big kobold (D:10)
  5 bullfrogs
  3 jellies
  A scorpion (D:9)
  Dowan (D:6)
  4 wights (D:10)
  3 crimson imps
  A bullfrog zombie (D:9)
  4 hounds
  2 orc priests
  A centaur skeleton (D:7)
  2 bullfrog skeletons
  14 orc wizards
  4 iguanas
  Natasha (twice) (D:4)
  A merfolk siren (Sewer)
  5 worker ants
  A hound zombie (D:6)
  A hound skeleton (D:5)
  A howler monkey zombie (D:5)
  2 worker ant zombies (D:6)
  10 adders
  6 gnolls
  A river rat (Sewer)
  An adder zombie (D:6)
  3 worms
  2 dart slugs
  36 orcs
  3 bats (D:2)
  4 giant cockroaches
  4 goblins
  6 hobgoblins
  12 jackals
  5 quokkas
  3 ball pythons (Sewer)
  7 frilled lizards
  A jackal skeleton (D:7)
  2 kobolds (D:3)
  2 leopard gecko skeletons
  16 rats
215 creatures vanquished.

Vanquished Creatures (others)
  A slave (D:9)
1 creature vanquished.

Grand Total: 216 creatures vanquished

Notes
Turn   | Place    | Note
-------+----------+-------------------------------------------
     0 | D:1      | vierth the Minotaur Fighter began the quest for the Orb.
     0 | D:1      | Reached XP level 1. HP: 19/19 MP: 0/0
    20 | D:1      | You fall through a shaft!
   117 | D:2      | Reached XP level 2. HP: 17/27 MP: 1/1
   264 | D:2      | Reached skill level 4 in Armour
   431 | D:2      | Reached XP level 3. HP: 32/33 MP: 2/2
   488 | D:2      | Found a shadowy altar of Dithmenos.
   613 | D:2      | Noticed a bullfrog
   619 | D:2      | Killed a bullfrog
   619 | D:2      | Reached XP level 4. HP: 27/41 MP: 3/3
   830 | D:2      | Reached XP level 5. HP: 30/47 MP: 4/4
  1040 | D:3      | Reached skill level 5 in Armour
  1226 | D:3      | Found a sparkling altar of Nemelex Xobeh.
  1226 | D:3      | Found an opulent altar of Gozag.
  1416 | D:3      | Found a shimmering altar of Xom.
  1736 | D:4      | Noticed an ogre
  1746 | D:4      | Killed an ogre
  1746 | D:4      | Reached XP level 6. HP: 46/53 MP: 5/5
  1795 | D:4      | Noticed an enchanted dagger
  1797 | D:4      | Noticed a hand axe
  1799 | D:4      | Found a hide-covered altar of Uskayaw.
  2074 | D:4      | Noticed Natasha
  2086 | D:4      | Killed Natasha
  2086 | D:4      | Reached skill level 5 in Axes
  2217 | D:4      | Found a runed gate.
  2217 | D:4      | Found a runed gate.
  2217 | D:4      | Found a runed gate.
  2217 | D:4      | Noticed inc's ghost (amateur OpFE)
  2434 | D:4      | Noticed Natasha
  2438 | D:4      | Killed Natasha
  2478 | D:5      | Entered Level 5 of the Dungeon
  2501 | D:5      | Reached skill level 5 in Fighting
  2501 | D:5      | Reached skill level 6 in Armour
  2533 | D:5      | Found a shattered altar of Ashenzari.
  2539 | D:5      | Reached skill level 5 in Shields
  2543 | D:5      | Reached XP level 7. HP: 59/61 MP: 6/6
  2704 | D:5      | Found a blossoming altar of Fedhas.
  2707 | D:5      | Found a burning altar of Makhleb.
  2710 | D:5      | Found a white marble altar of Elyvilon.
  3144 | D:6      | Noticed Duvessa
  3144 | D:6      | Noticed Dowan
  3152 | D:6      | Killed Dowan
  3159 | D:6      | Killed Duvessa
  3159 | D:6      | Reached skill level 7 in Armour
  3311 | D:6      | Found a glowing drain.
  3353 | Sewer    | Entered a sewer
  3771 | D:6      | Reached XP level 8. HP: 53/70 MP: 7/7
  4022 | D:6      | Found an iron altar of Okawaru.
  4092 | D:6      | Reached skill level 8 in Armour
  4424 | D:6      | Found a staircase to the Ecumenical Temple.
  4546 | D:6      | Noticed Eustachio
  4570 | D:6      | Killed Eustachio
  4703 | Temple   | Entered the Ecumenical Temple
  4802 | Temple   | Became a worshipper of Trog the Wrathful
  5612 | D:7      | Reached skill level 9 in Armour
  5612 | D:7      | Reached XP level 9. HP: 78/78 MP: 8/8
  5685 | D:7      | Reached * piety under Trog
  5913 | D:7      | Found an ornate altar of the Wu Jian Council.
  6173 | D:8      | Noticed a two-headed ogre
  6181 | D:8      | Killed a two-headed ogre
  6181 | D:8      | Reached skill level 10 in Armour
  6218 | D:8      | Noticed Joseph
  6220 | D:8      | Found a basalt altar of Yredelemnul.
  6230 | D:8      | Killed Joseph
  6278 | D:8      | Noticed Grum
  6279 | D:8      | Reached skill level 10 in Axes
  6292 | D:8      | Killed Grum
  6688 | D:8      | Reached XP level 10. HP: 88/88 MP: 9/9
  7315 | D:9      | Noticed Pikel
  7321 | D:9      | Killed Pikel
  7350 | D:9      | Found a staircase to the Orcish Mines.
  7420 | D:9      | Reached skill level 11 in Armour
  7513 | D:9      | Reached ** piety under Trog
  7545 | D:9      | Found a stormy altar of Qazlal.
  7547 | D:9      | Noticed Maurice
  7562 | D:9      | Killed Maurice
  7619 | D:9      | Found a glowing silver altar of Zin.
  7732 | D:9      | Noticed Erica
  7753 | D:9      | Killed Erica
  7933 | D:9      | Found a glowing golden altar of the Shining One.
  8185 | D:10     | Entered Level 10 of the Dungeon
  8193 | D:10     | Found a staircase to the Lair.
  8370 | D:10     | Noticed a tengu warrior
  8378 | D:10     | Killed a tengu warrior
  8378 | D:10     | Reached skill level 12 in Armour
  8378 | D:10     | Reached XP level 11. HP: 91/97 MP: 10/10
  8412 | D:10     | Noticed Snorg
  8413 | D:10     | Found a hazy altar of Hepliaklqana.
  8420 | D:10     | Slain by Snorg

Vault maps used:
D:1:      nzn_arrival_settlement, hex_large, hangedman_decor_peaks_small,
          minmay_shallow_snake_nest
D:2:      old_standard_altar, minivault_24, grunt_ministairs_3
D:3:      grunt_temple_overflow_opulence, marbit_many_paths, first_ration,
          moated_statue, kennysheep_another_room
D:4:      dancing_weapons_uskayaw, gammafunk_ghost_necromancy, uniq_natasha,
          uniq_edmund
D:5:      grunt_temple_overflow_diamond, hex_tiny, grunt_decor_clamped,
          evilmike_ruin_ashenzari
D:6:      minmay_temple_entry_statues_fountains, cheibrodos_sewer_entry_drain,
          okawaru_metal_pillars_1_2, uniq_duvessa, uniq_eustachio
D:7:      kennysheep_mini
D:8:      yredelemnul_altar_generic, uniq_joseph, uniq_grum
D:9:      kennysheep_mini_moat, grunt_qazlal_clouds, tso_altar, orc_0_dummy,
          uniq_maurice, uniq_erica, uniq_pikel
D:10:     minmay_coctagon, lair_entry_dummy, basic_altar, grunt_tengu_nest,
          minmay_crystal_room, eino_tiny_chamber, lemuel_centaur_altar,
          uniq_snorg
Temple:   nicolae_temple_figure_zero
Sewer:    sewer_sea

Skill      XL: |  1  2  3  4  5  6  7  8  9 10 |
---------------+-------------------------------+-----
Armour         | 4 5 6 7 9 10 12 | 12.1
Axes           | 3 4 5 6 8 10 11 | 11.8
Fighting       | 4 5 6 7 9 |  9.1
Shields        | 4 5 6 7 9 |  9.0

Action                   |  1- 3 |  4- 6 |  7- 9 | 10-12 || total
-------------------------+-------+-------+-------+-------++-------
Melee: War axe           |    68 |   110 |   261 |   125 ||   564
       Headbutt          |     6 |    24 |    34 |    18 ||    82
       Battleaxe         |       |       |       |     7 ||     7
Invok: Berserk           |       |       |     1 |     2 ||     3
  Use: Scroll            |       |     5 |     5 |       ||    10
  Eat: Ration            |       |     2 |     5 |     3 ||    10
       Chunk             |       |       |     1 |       ||     1
Armor: Scale mail        |    28 |    18 |       |       ||    46
       Chain mail        |       |    25 |    83 |    49 ||   157
Dodge: Dodged            |    20 |    31 |    81 |    51 ||   183
Block: Shield            |    46 |    56 |   131 |    51 ||   284

Table legend:
 A = Spawn XP
 B = Non-spawn XP
 C = Spawn XP percentage of total XP
 D = Spawn monster count
 E = Non-spawn monster count
 F = Spawn count percentage of total count
 G = Total turns spent on level
                    A         B        C        D         E        F      G
               +---------+---------+-------+---------+---------+-------+---------
         Total |       0 |   11194 |   0.0 |       0 |     214 |   0.0 |  8420
               +---------+---------+-------+---------+---------+-------+---------
           D:2 |       0 |     199 |   0.0 |       0 |      28 |   0.0 |  1006
           D:3 |       0 |      58 |   0.0 |       0 |      18 |   0.0 |   621
           D:4 |       0 |     246 |   0.0 |       0 |      10 |   0.0 |   831
           D:5 |       0 |     567 |   0.0 |       0 |      15 |   0.0 |   666
           D:6 |       0 |    1445 |   0.0 |       0 |      40 |   0.0 |  1565
           D:7 |       0 |     389 |   0.0 |       0 |      18 |   0.0 |   858
           D:8 |       0 |    2920 |   0.0 |       0 |      23 |   0.0 |  1202
           D:9 |       0 |    3521 |   0.0 |       0 |      30 |   0.0 |   881
          D:10 |       0 |    1787 |   0.0 |       0 |      14 |   0.0 |   235
         Sewer |       0 |      62 |   0.0 |       0 |      18 |   0.0 |   413
               +---------+---------+-------+---------+---------+-------+---------
